[Event "Sunday 14 January Rapid Engine Tour 12+1 Rounds 9 Starts 1600 ST"]
[Site "Infinity Chess"]
[Date "2018.1.14"]
[Round "5"]
[White "Susanne"]
[Black "xeonrocks"]
[Result "1/2-1/2 "]
[ECO "C50"]
[WhiteElo "2472"]
[BlackElo "2518"]
[WhiteEngine "asmFishW_20_bmi2_CTG"]
[BlackEngine "asmFishW_bmi2.exe_CTG"]
[EventType "Swiss"]
[WhiteTeam ""]
[BlackTeam ""]
[PlyCount "225"]
[TimeControl "720+1"]

1. e4 e5 2. Nf3 Nc6 3. Bc4 Bc5 4. O-O Nf6 5. d3 d6 6. c3 a5 7. Bg5 Ba7 8. Bh4 h6 
9. Na3 g5 10. Bg3 O-O 11. Re1 g4 12. Bh4 Kg7 13. Nc2 gxf3 14. Qxf3 Be6 
15. Bd5 Rg8 16. h3 Nb8 17. Bxb7 Nbd7 18. Bxa8 Qxa8 19. Ne3 Nh7 20. Nf5+ Bxf5 
21. Qxf5 Ndf8 22. Bg3 Ng6 23. Rad1 Qb7 24. d4 exd4 25. e5 Nxe5 26. Bxe5+ dxe5 
27. Qxe5+ Nf6 28. cxd4 Kh7 29. g3 Kg7 30. Qxa5 Rd8 31. Qa4 c6 32. Rd2 Bb6 
33. Kh2 Rd6 34. Re5 Qc7 35. Qd1 Qd7 36. Qf3 Rxd4 37. Rxd4 Bxd4 38. Re2 c5 
39. b3 Qa7 40. Rc2 Qa3 41. Qc6 Qb4 42. Qf3 Qa3 43. Qc6 Qb4 44. Re2 Qa5 
45. Kg2 Qb4 46. Qa8 Qb5 47. Qf3 Qb4 48. Qc6 Kg8 49. Kh2 Qc3 50. Kg2 Qb4 
51. Qa8+ Kg7 52. Qf3 Qa5 53. Qc6 Qb4 54. Qa6 Kf8 55. Qd3 Qa3 56. Qf3 Kg8 
57. Kg1 Kg7 58. Kg2 Bb2 59. Rc2 Bd4 60. Qc6 Qb4 61. Qf3 Qa3 62. Kh2 Nh7 
63. Qg4+ Kf8 64. Qc8+ Kg7 65. Qg4+ Kf8 66. Qe4 Kg7 67. Qc6 Qa5 68. Re2 Qc3 
69. Kg2 Qd3 70. Re4 Bxf2 71. Rg4+ Ng5 72. Kxf2 Qd2+ 73. Kf1 Qd1+ 74. Kg2 Qe2+ 
75. Kg1 f5 76. Rxg5+ hxg5 77. Qxc5 Qxa2 78. Qxf5 Qxb3 79. Qxg5+ Kh7 80. Qf4 Qc3 
81. Qf7+ Kh8 82. Qf2 Qa1+ 83. Kg2 Qb1 84. Qf6+ Kh7 85. h4 Qc1 86. Qf5+ Kg7 
87. g4 Qa1 88. Qf4 Qd1 89. Qe5+ Kg6 90. Qe8+ Kg7 91. Qe5+ Kg6 92. h5+ Kh7 
93. Kg3 Qd2 94. Kh4 Qd8+ 95. g5 Qd7 96. Qe4+ Kh8 97. Qe5+ Kh7 98. Qe4+ Kg7 
99. Qf4 Kh7 100. Qb4 Kg7 101. Qf4 Kh7 102. Qb4 Kg7 103. h6+ Kh8 104. Qe4 Kg8 
105. Qe3 Kh7 106. Qf3 Kg8 107. Qb3+ Kh7 108. Qc4 Kh8 109. Qf4 Kg8 110. Qb4 Kh7 
111. Qc4 Kh8 112. Qc2 Kg8 113. Qg6+ 1/2-1/2

[Event "Sunday 14 January Rapid Engine Tour 12+1 Rounds 9 Starts 1600 ST"]
[Site "Infinity Chess"]
[Date "2018.1.14"]
[Round "5"]
[White "Satria_Ungu"]
[Black "hafaba"]
[Result "1-0"]
[ECO "A06"]
[WhiteElo "2433"]
[BlackElo "2408"]
[WhiteEngine "Houdini 6"]
[BlackEngine "Stockfish SL 07012018 POPCNT_CTG"]
[EventType "Swiss"]
[WhiteTeam ""]
[BlackTeam ""]
[PlyCount "199"]
[TimeControl "720+1"]

1. Nf3 d5 2. d4 e6 3. c4 Nf6 4. Nc3 c6 5. e3 Nbd7 6. Qc2 Bd6 7. Bd3 dxc4 
8. Bxc4 b5 9. Be2 O-O 10. O-O a6 11. Ng5 Qc7 12. e4 Bxh2+ 13. Kh1 c5 14. e5 cxd4 
15. exf6 Nxf6 16. f4 Bb7 17. Kxh2 Rac8 18. Rd1 dxc3 19. Qxc3 Qxc3 20. bxc3 h6 
21. Nf3 Nd5 22. Bd2 Nxc3 23. Bxc3 Rxc3 24. Rd7 Be4 25. Rad1 Rfc8 26. Nd4 R3c5 
27. Bf3 Bxf3 28. Nxf3 Rf5 29. Rd8+ Rxd8 30. Rxd8+ Kh7 31. Kg3 b4 32. Rd7 Kg8 
33. Rd6 Ra5 34. Rd4 Ra4 35. a3 Rxa3 36. Rxb4 a5 37. Rb8+ Kh7 38. Rb7 f6 
39. Re7 Kg6 40. Rxe6 Kf5 41. Rc6 Ra4 42. Nh4+ Ke4 43. Re6+ Kd5 44. Re7 g5 
45. Ng6 Rd4 46. f5 Kc5 47. Ra7 Kb5 48. Rb7+ Kc5 49. Rf7 Rd6 50. Nf8 a4 
51. Nd7+ Kc6 52. Nxf6 a3 53. Ra7 Rxf6 54. Kg4 Kd6 55. Rxa3 Ke7 56. Ra7+ Kf8 
57. Rc7 Rf7 58. Rc5 Kg7 59. Kh5 g4 60. Kxg4 Kf6 61. Kh5 Rg7 62. g4 Rg5+ 
63. Kh4 Kg7 64. Rc6 Kh7 65. Rf6 Rg7 66. Re6 Rg5 67. Rc6 Kg7 68. Rc7+ Kg8 
69. Re7 Kh8 70. Ra7 Kg8 71. Rb7 Kh8 72. Rb6 Kg7 73. Rb3 Kg8 74. Rh3 Kh7 
75. Rf3 Kg7 76. Rd3 Kg8 77. Rd1 Kh7 78. Rd7+ Kg8 79. Rd2 Kg7 80. Rb2 Kf8 
81. Rb7 Rg7 82. Rxg7 Kxg7 83. Kh5 Kf7 84. f6 Kxf6 85. Kxh6 Kf7 86. g5 Kg8 
87. Kg6 Kf8 88. Kh7 Ke7 89. g6 Kd6 90. g7 Kc5 91. g8=Q Kb4 92. Qa2 Kc5 
93. Kg6 Kb4 94. Kf5 Kc5 95. Ke5 Kb4 96. Kd4 Kb5 97. Qe6 Ka4 98. Qb6 Ka3 
99. Kc3 Ka2 100. Qb2# 1-0

[Event "Sunday 14 January Rapid Engine Tour 12+1 Rounds 9 Starts 1600 ST"]
[Site "Infinity Chess"]
[Date "2018.1.14"]
[Round "5"]
[White "THE_MACHINE"]
[Black "Vimtiroba"]
[Result "1/2-1/2"]
[ECO "C50"]
[WhiteElo "2477"]
[BlackElo "2471"]
[WhiteEngine "Houdini 6"]
[BlackEngine "Corchess 2.0_CTG"]
[EventType "Swiss"]
[WhiteTeam ""]
[BlackTeam ""]
[PlyCount "167"]
[TimeControl "720+1"]

1. e4 e5 2. Nf3 Nc6 3. Bc4 Bc5 4. O-O Nf6 5. d3 d6 6. c3 a5 7. Re1 O-O 
8. Nbd2 Ba7 9. h3 Be6 10. Bb5 Ne7 11. d4 Ng6 12. Ba4 Nh5 13. Nf1 Nhf4 
14. Bc2 exd4 15. cxd4 d5 16. Bxf4 Nxf4 17. e5 f6 18. Qd2 fxe5 19. Rxe5 Bd7 
20. Rae1 c6 21. N1h2 Bb8 22. R5e3 Bd6 23. a3 Kh8 24. Bb1 b6 25. Kh1 c5 
26. Ne5 cxd4 27. Rf3 Bxe5 28. Rxe5 Qc7 29. Re1 Qd6 30. Qxd4 Rae8 31. Rfe3 Rxe3 
32. Rxe3 Bb5 33. Nf3 Bf1 34. Ne1 Bc4 35. Nf3 Bf1 36. Nh4 Qc5 37. Qd2 d4 
38. Re4 g5 39. Rxd4 Bd3 40. Rxd3 Nxd3 41. Qxd3 Qc1+ 42. Kh2 Qc7+ 43. Kg1 gxh4 
44. Qd4+ Qg7 45. Qxb6 Qf6 46. Qc5 a4 47. Bd3 Re8 48. Qc4 Re1+ 49. Bf1 Qxb2 
50. Qxa4 Qe2 51. Qa8+ Qe8 52. Qd5 Qe2 53. Qd4+ Kg8 54. Qd5+ Kg7 55. Qg5+ Kh8 
56. Qf6+ Kg8 57. Qg5+ Kf7 58. Qf5+ Kg8 59. Qg5+ Kf7 60. Qd5+ Kf6 61. Qd6+ Kg5 
62. Qc5+ Kh6 63. Qb6+ Kg5 64. Qa5+ Kg6 65. Qb6+ Kf5 66. Qa5+ Ke6 67. Qb6+ Kd5 
68. Qa5+ Ke6 69. Qb6+ Kd5 70. Qb3+ Kd4 71. Qb4+ Kd5 72. Qa5+ Kd4 73. Qb6+ Kc3 
74. Qc6+ Kb2 75. Qf6+ Kb3 76. Qf7+ Kb2 77. Qg7+ Kb1 78. Qxh7+ Ka1 79. Qg7+ Kb1 
80. Qg6+ Kb2 81. Qg7+ Kb1 82. Qh7+ Ka1 83. Qh8+ Kb1 84. Qh7+ 1/2-1/2

[Event "Sunday 14 January Rapid Engine Tour 12+1 Rounds 9 Starts 1600 ST"]
[Site "Infinity Chess"]
[Date "2018.1.14"]
[Round "5"]
[White "Marsell"]
[Black "KRAKEN"]
[Result "1/2-1/2"]
[ECO "C53"]
[WhiteElo "2493"]
[BlackElo "2484"]
[WhiteEngine "asmFishW_2018-01-11_popcnt"]
[BlackEngine "Raubfisch ME262_GTZ16b2_CTG"]
[EventType "Swiss"]
[WhiteTeam ""]
[BlackTeam ""]
[PlyCount "167"]
[TimeControl "720+1"]

1. e4 e5 2. Nf3 Nc6 3. Bc4 Bc5 4. c3 Nf6 5. d3 O-O 6. O-O d6 7. h3 a6 8. Re1 Ba7 
9. Bb3 h6 10. Nbd2 Re8 11. Nf1 Be6 12. Bc2 d5 13. Qe2 b5 14. Bd2 Qd7 15. Ng3 d4 
16. a4 Bc5 17. Rec1 Qd6 18. Nh4 Ne7 19. Qe1 Rab8 20. b4 Bb6 21. Nf3 dxc3 
22. Bxc3 Nc6 23. Rab1 Rbd8 24. Qf1 Ba7 25. Qe2 Bb6 26. Qe1 Ba7 27. Bd2 Nd4 
28. Nxd4 Bxd4 29. axb5 axb5 30. Bb3 Ra8 31. Bxe6 fxe6 32. Be3 Ra2 33. Bxd4 Qxd4 
34. Rc6 Qxd3 35. Rd1 Qb3 36. Rb1 Qa3 37. Rxc7 Rd8 38. Ne2 Qd3 39. Nc3 Rd2 
40. Qf1 Qd4 41. Nxb5 Qb6 42. Rbc1 R8d3 43. R7c2 Nxe4 44. Qe1 Qxf2+ 45. Qxf2 Nxf2 
46. Rxd2 Rxd2 47. Nc3 Rb2 48. b5 Nd3 49. Rd1 Nc5 50. Rb1 Rxb1+ 51. Nxb1 Kf7 
52. Nd2 e4 53. Kf2 Kf6 54. Nc4 e5 55. Ke3 Ke6 56. g3 Kd5 57. Nb6+ Ke6 58. Nc4 h5 
59. b6 Kd5 60. Na5 Kd6 61. h4 Kd7 62. b7 Kc7 63. b8=Q+ Kxb8 64. Nc6+ Kb7 
65. Nxe5 Kc7 66. Kd4 Kb6 67. Ng6 e3 68. Kxe3 Kc6 69. Kf2 Nd3+ 70. Kf3 Kd6 
71. Ke4 Nf2+ 72. Kf5 Ng4 73. Nf4 Nf6 74. Ne2 Nd5 75. Kg6 Ke5 76. Kxh5 Kf5 
77. g4+ Kf6 78. g5+ Kf5 79. Nd4+ Ke5 80. Ne6 g6+ 81. Kxg6 Kxe6 82. h5 Nf4+ 
83. Kh6 Nd5 84. g6 1/2-1/2

[Event "Sunday 14 January Rapid Engine Tour 12+1 Rounds 9 Starts 1600 ST"]
[Site "Infinity Chess"]
[Date "2018.1.14"]
[Round "4"]
[White "Harry_Potter"]
[Black "Murx"]
[Result "1/2-1/2"]
[ECO "A20"]
[WhiteElo "2518"]
[BlackElo "2499"]
[WhiteEngine "stockfish_18010422_x64_bmi2_CTG"]
[BlackEngine "BrainFish_171226_x64_modern"]
[EventType "Swiss"]
[WhiteTeam ""]
[BlackTeam ""]
[PlyCount "62"]
[TimeControl "720+1"]

1. c4 e5 2. g3 Nf6 3. Nc3 d5 4. cxd5 Nxd5 5. Bg2 Nb6 6. a3 Be7 7. Nf3 Nc6 
8. O-O O-O 9. d3 Be6 10. Be3 Nd5 11. Nxd5 Bxd5 12. Qa4 Re8 13. Rac1 a6 
14. Rfe1 Rb8 15. Qc2 Qd7 16. Nd2 Bxg2 17. Kxg2 f5 18. b4 Bd6 19. f3 Re6 
20. Bf2 Kh8 21. Nb3 Rbe8 22. Nc5 Bxc5 23. Qxc5 h6 24. b5 axb5 25. Qxb5 b6 
26. Rc3 Ra8 27. Rec1 Ra5 28. Qb2 Ra7 29. Qb5 Ra5 30. Qc4 Ra7 31. Qb5 Ra5 1/2-1/2

[Event "Sunday 14 January Rapid Engine Tour 12+1 Rounds 9 Starts 1600 ST"]
[Site "Infinity Chess"]
[Date "2018.1.14"]
[Round "4"]
[White "Dovahkiin"]
[Black "OlivierEvan"]
[Result "1-0"]
[ECO "A45"]
[WhiteElo "2398"]
[BlackElo "2377"]
[WhiteEngine "BrainFish_180106_x64_modern_CTG"]
[BlackEngine "Houdini 6"]
[EventType "Swiss"]
[WhiteTeam ""]
[BlackTeam ""]
[PlyCount "195"]
[TimeControl "720+1"]

1. d4 Nf6 2. Bf4 d5 3. e3 c5 4. c3 Nc6 5. Nd2 e6 6. Bd3 Bd6 7. dxc5 Bxc5 
8. Ngf3 O-O 9. O-O h6 10. Re1 a5 11. Bg3 Qb6 12. Rb1 Nh5 13. Bh4 e5 14. Nb3 e4 
15. Bc2 Be6 16. Nxc5 Qxc5 17. Nd4 g6 18. f3 Rfe8 19. Rf1 Ng7 20. Bf6 Nh5 
21. Bh4 Ng7 22. Nxe6 Nxe6 23. fxe4 dxe4 24. Qe2 f5 25. Ba4 g5 26. Bg3 f4 
27. Bf2 Qf5 28. exf4 Nxf4 29. Qc4+ Kg7 30. Be3 Qd5 31. Bb3 Qxc4 32. Bxc4 Ne5 
33. Bb5 Re7 34. Rbd1 Nfd3 35. Bd4 Kh7 36. b3 a4 37. bxa4 Rc8 38. a5 Nc4 
39. a6 bxa6 40. Bxa6 Rcc7 41. Rf8 e3 42. Rxd3 e2 43. Bf2 Kg7 44. Rfd8 e1=R+ 
45. Bxe1 Rxe1+ 46. Kf2 Ree7 47. R8d4 Rf7+ 48. Kg1 Na3 49. Ra4 Nc2 50. Re4 Rf6 
51. Bb5 Na3 52. Be8 Ra6 53. h3 Nb1 54. c4 Ra3 55. Rd6 Rxa2 56. Re1 Nc3 
57. Bh5 Ra4 58. Ree6 Raxc4 59. Rg6+ Kh8 60. Rxh6+ Kg8 61. Rd8+ Kg7 62. Rg6+ Kh7 
63. Rgg8 R4c6 64. Rh8+ Kg7 65. Rdg8+ Kf6 66. Rg6+ Ke5 67. Rxg5+ Kf4 68. Rg4+ Ke5 
69. h4 Rc8 70. Rg5+ Kf4 71. Rxc8 Rxc8 72. g3+ Ke3 73. Bg6 Kd4 74. h5 Rh8 
75. Kg2 Nd5 76. g4 Nf4+ 77. Kg3 Nd5 78. Bf7 Ne7 79. Kh4 Rf8 80. Rg7 Ke5 
81. Kg5 Nc6 82. h6 Nd4 83. h7 Rh8 84. Bg8 Nb5 85. Kh5 Kd6 86. g5 Kc6 87. g6 Nd6 
88. Re7 Nf5 89. Rf7 Ng3+ 90. Kg4 Ne4 91. g7 Rxh7 92. Bxh7 Nd6 93. Rf6 Kd7 
94. g8=Q Kc7 95. Qd5 Kb6 96. Rxd6+ Kc7 97. Be4 Kc8 98. Qb7# 1-0

[Event "Sunday 14 January Rapid Engine Tour 12+1 Rounds 9 Starts 1600 ST"]
[Site "Infinity Chess"]
[Date "2018.1.14"]
[Round "4"]
[White "miguello"]
[Black "ivrdurant"]
[Result "1/2-1/2"]
[ECO "D31"]
[WhiteElo "2415"]
[BlackElo "2410"]
[WhiteEngine "stockfish_18011309_x64_modern_CTG"]
[BlackEngine "Raubfisch X37b1._CTG"]
[EventType "Swiss"]
[WhiteTeam ""]
[BlackTeam ""]
[PlyCount "97"]
[TimeControl "720+1"]

1. d4 d5 2. c4 e6 3. Nc3 c6 4. Nf3 Nf6 5. Bg5 dxc4 6. e4 b5 7. e5 h6 8. Bh4 g5 
9. Nxg5 hxg5 10. Bxg5 Nbd7 11. exf6 Bb7 12. h4 Qa5 13. a4 b4 14. Ne4 Nb6 
15. Be3 O-O-O 16. Qc1 c3 17. bxc3 bxc3 18. Qc2 e5 19. dxe5 Qxe5 20. Ng3 Nd5 
21. Qf5+ Qxf5 22. Nxf5 Bb4 23. Ne7+ Kc7 24. Nxd5+ cxd5 25. Bf4+ Bd6 
26. Bxd6+ Rxd6 27. O-O-O Rxf6 28. Kc2 Rxf2+ 29. Kxc3 Rh6 30. h5 a5 31. Rh2 Bc8 
32. Bb5 Kd6 33. Rd2 Rf4 34. Rd4 Ke5 35. Rxf4 Kxf4 36. Rh1 Kg3 37. Be2 Kxg2 
38. Rc1 Bd7 39. Kd2 Bxa4 40. Rc5 Bc6 41. Rxa5 Kg3 42. Ra7 f5 43. Ra6 Kh4 
44. Bb5 Kxh5 45. Bxc6 Re6 46. Kd3 f4 47. Ra4 f3 48. Bxd5 Rd6 49. Ke4 1/2-1/2

[Event "Sunday 14 January Rapid Engine Tour 12+1 Rounds 9 Starts 1600 ST"]
[Site "Infinity Chess"]
[Date "2018.1.14"]
[Round "4"]
[White "ocirema"]
[Black "RonWeasley"]
[Result "1/2-1/2"]
[ECO "C11"]
[WhiteElo "2421"]
[BlackElo "2443"]
[WhiteEngine "stockfish_18011309_x64_modern_CTG"]
[BlackEngine "BrainFish 060118_CTG"]
[EventType "Swiss"]
[WhiteTeam ""]
[BlackTeam ""]
[PlyCount "80"]
[TimeControl "720+1"]

1. e4 e6 2. d4 d5 3. Nc3 Nf6 4. e5 Nfd7 5. f4 c5 6. Nf3 Nc6 7. Be3 cxd4 
8. Nxd4 Qb6 9. Qd2 Qxb2 10. Rb1 Qa3 11. Bb5 Nxd4 12. Bxd4 a6 13. Bxd7+ Bxd7 
14. Rb3 Qe7 15. Rxb7 Rc8 16. O-O Qd8 17. Qe3 Rc4 18. Rfb1 Be7 19. f5 Bg5 
20. Qd3 O-O 21. Ne4 Bc8 22. Bb6 Be3+ 23. Qxe3 Qh4 24. Nf6+ gxf6 25. Rc7 exf5 
26. Rxc4 dxc4 27. exf6 Kh8 28. Bc7 Rg8 29. Bg3 Qg4 30. c3 Bd7 31. Qf4 Qe2 
32. Rb8 Qd1+ 33. Qf1 Qg4 34. Rb6 Qe4 35. Qf4 Qc2 36. Rb8 Qd1+ 37. Qf1 Qg4 
38. Rb6 Qe4 39. Qf4 Qc2 40. Rb8 Qd1+ 1/2-1/2

[Event "Sunday 14 January Rapid Engine Tour 12+1 Rounds 9 Starts 1600 ST"]
[Site "Infinity Chess"]
[Date "2018.1.14"]
[Round "4"]
[White "Thinker"]
[Black "beka"]
[Result "1/2-1/2"]
[ECO "B90"]
[WhiteElo "2451"]
[BlackElo "2433"]
[WhiteEngine "BrainFish_180106_x64_modern_CTG"]
[BlackEngine "stockfish_18011309_x64_CTG"]
[EventType "Swiss"]
[WhiteTeam ""]
[BlackTeam ""]
[PlyCount "95"]
[TimeControl "720+1"]

1. e4 c5 2. Nf3 d6 3. d4 cxd4 4. Nxd4 Nf6 5. Nc3 a6 6. Be3 e5 7. Nb3 Be6 
8. h3 Be7 9. f4 Nc6 10. f5 Bxb3 11. axb3 Nb4 12. g3 d5 13. exd5 Qc7 14. d6 Bxd6 
15. Nb5 Nxc2+ 16. Ke2 Qc6 17. Nxd6+ Ke7 18. Rc1 Nxe3 19. Rxc6 Nxd1 20. Nxb7 Rhb8 
21. Rc7+ Kf8 22. Kxd1 Ra7 23. Bc4 Raxb7 24. Rxb7 Rxb7 25. Re1 Nd7 26. Kc2 a5 
27. Ra1 Ra7 28. Kd3 Ke7 29. g4 Nb6 30. Ke4 Kd6 31. g5 f6 32. h4 Nxc4 
33. bxc4 Kc5 34. h5 h6 35. gxh6 gxh6 36. Rg1 Kxc4 37. Rg6 Kb3 38. Rxh6 a4 
39. Rxf6 Kxb2 40. h6 a3 41. Rb6+ Kc2 42. Rc6+ Kb1 43. Rb6+ Kc2 44. Rc6+ Kb1 
45. h7 Rxh7 46. Rb6+ Ka1 47. f6 a2 48. Kxe5 1/2-1/2

[Event "Sunday 14 January Rapid Engine Tour 12+1 Rounds 9 Starts 1600 ST"]
[Site "Infinity Chess"]
[Date "2018.1.14"]
[Round "4"]
[White "Neoxium"]
[Black "angriff"]
[Result "1/2-1/2"]
[ECO "A06"]
[WhiteElo "2464"]
[BlackElo "2450"]
[WhiteEngine "SF SL FA-IDeA"]
[BlackEngine "SF_64BIT_POPCNT_CTG"]
[EventType "Swiss"]
[WhiteTeam ""]
[BlackTeam ""]
[PlyCount "51"]
[TimeControl "720+1"]

1. Nf3 d5 2. e3 Nf6 3. d4 c5 4. a3 cxd4 5. exd4 Bg4 6. h3 Bxf3 7. Qxf3 Nc6 
8. c3 e6 9. Bd3 Bd6 10. Be3 O-O 11. Nd2 e5 12. dxe5 Nxe5 13. Qe2 Re8 14. O-O Qc7 
15. Rfe1 Bc5 16. Nf3 Bxe3 17. Qxe3 Nc4 18. Qc1 Rxe1+ 19. Nxe1 g6 20. Be2 Re8 
21. Qc2 Qb6 22. Nd3 Ne3 23. Qd2 Nc4 24. Qc2 Ne3 25. Qd2 Nc4 26. Qc2 1/2-1/2

[Event "Sunday 14 January Rapid Engine Tour 12+1 Rounds 9 Starts 1600 ST"]
[Site "Infinity Chess"]
[Date "2018.1.14"]
[Round "4"]
[White "Susanne"]
[Black "incredible"]
[Result "1/2-1/2"]
[ECO "B28"]
[WhiteElo "2473"]
[BlackElo "2453"]
[WhiteEngine "asmFishW_20_bmi2_CTG"]
[BlackEngine "Stockfish_x64_bmi2"]
[EventType "Swiss"]
[WhiteTeam ""]
[BlackTeam ""]
[PlyCount "122"]
[TimeControl "720+1"]

1. e4 c5 2. Nf3 a6 3. c3 d6 4. d4 Nf6 5. Bd3 Bg4 6. h3 Bxf3 7. Qxf3 cxd4 
8. cxd4 Nc6 9. Be3 Nb4 10. Qd1 Nxd3+ 11. Qxd3 e6 12. O-O d5 13. e5 Nd7 
14. Qe2 Rc8 15. Nd2 Nb8 16. Rfc1 Rxc1+ 17. Rxc1 Nc6 18. a3 Qa5 19. Rc3 Qb5 
20. Qd1 Qb6 21. Rb3 Qc7 22. h4 a5 23. h5 Be7 24. Qg4 g6 25. Qd1 f5 26. exf6 Bxf6 
27. Qf3 Rf8 28. Qg4 Qd7 29. Nf3 gxh5 30. Qxh5+ Qf7 31. Qh3 Rg8 32. Rxb7 Qxb7 
33. Qxe6+ Ne7 34. Qxf6 Qxb2 35. Kh2 Rf8 36. Qd6 Rf5 37. Bg5 Qb7 38. a4 Qa7 
39. Qe6 Rxg5 40. Nxg5 Qxd4 41. Qf7+ Kd7 42. Nxh7 Kd6 43. Nf6 Qxa4 44. Ne8+ Kd7 
45. f4 Qa1 46. Ng7 Qe1 47. Qe8+ Kd6 48. Nf5+ Kc5 49. Qxe7+ Qxe7 50. Nxe7 a4 
51. f5 a3 52. f6 Kd6 53. Nf5+ Ke6 54. Nd4+ Kxf6 55. Kg3 Ke5 56. Nc2 a2 
57. Kf2 Kf4 58. Ke2 Ke5 59. g3 d4 60. Na1 Ke4 61. Kd2 d3 1/2-1/2

[Event "Sunday 14 January Rapid Engine Tour 12+1 Rounds 9 Starts 1600 ST"]
[Site "Infinity Chess"]
[Date "2018.1.14"]
[Round "4"]
[White "xeonrocks"]
[Black "THE_MACHINE"]
[Result "1/2-1/2"]
[ECO "C50"]
[WhiteElo "2520"]
[BlackElo "2475"]
[WhiteEngine "asmFishW_bmi2.exe_CTG"]
[BlackEngine "Houdini 6"]
[EventType "Swiss"]
[WhiteTeam ""]
[BlackTeam ""]
[PlyCount "131"]
[TimeControl "720+1"]

1. e4 e5 2. Nf3 Nc6 3. Bc4 Bc5 4. O-O Nf6 5. d3 d6 6. c3 O-O 7. Nbd2 h6 
8. b4 Bb6 9. a4 a5 10. b5 Ne7 11. h3 Ng6 12. Re1 Re8 13. d4 exd4 14. cxd4 d5 
15. exd5 Rxe1+ 16. Qxe1 Nxd5 17. Nb3 Be6 18. Bd2 Qf6 19. Qe4 c6 20. bxc6 bxc6 
21. Re1 Bf5 22. Qe2 Be6 23. Ne5 Nxe5 24. Qxe5 Qg6 25. Qd6 Ne3 26. Rxe3 Bxc4 
27. Qxg6 fxg6 28. Nc5 Rd8 29. Bc3 Bf7 30. Re7 Rd5 31. Nb3 Rf5 32. Rb7 Bxb3 
33. Rb8+ Kh7 34. Rxb6 Bxa4 35. d5 Rxd5 36. Rb7 h5 37. Rxg7+ Kh6 38. Ra7 Bb5 
39. Bxa5 Kg5 40. f3 Kf6 41. Bc3+ Ke6 42. Rg7 Bd3 43. Kf2 c5 44. g4 hxg4 
45. hxg4 Bc2 46. Kg3 Rd1 47. Kf4 Kd5 48. Be5 Kc4 49. Kg5 Rf1 50. Rf7 Re1 
51. Bf6 Re3 52. f4 Rg3 53. Rc7 Bf5 54. Be7 Rxg4+ 55. Kh6 Rxf4 56. Rxc5+ Kb3 
57. Bg5 Rf2 58. Bc1 Bd3 59. Kg5 Re2 60. Ra5 Kb4 61. Rd5 Bf5 62. Kf4 g5+ 
63. Kxg5 Be6 64. Rd8 Rf2 65. Kg6 Kc4 66. Kh6 1/2-1/2

[Event "Sunday 14 January Rapid Engine Tour 12+1 Rounds 9 Starts 1600 ST"]
[Site "Infinity Chess"]
[Date "2018.1.14"]
[Round "4"]
[White "IronMan"]
[Black "Marsell"]
[Result "0-1"]
[ECO "A20"]
[WhiteElo "2402"]
[BlackElo "2480"]
[WhiteEngine "Stockfish SL FA PB BMI2"]
[BlackEngine "asmFishW_2018-01-11_popcnt"]
[EventType "Swiss"]
[WhiteTeam ""]
[BlackTeam ""]
[PlyCount "94"]
[TimeControl "720+1"]

1. c4 e5 2. b3 Nf6 3. Bb2 Nc6 4. e3 d5 5. cxd5 Nxd5 6. a3 Bd6 7. d3 O-O 
8. Nf3 f5 9. b4 Qe7 10. Be2 a5 11. b5 Na7 12. a4 c6 13. O-O cxb5 14. axb5 Nxb5 
15. d4 e4 16. Bxb5 exf3 17. Qxf3 Be6 18. Rd1 Rac8 19. Na3 Bb4 20. Bc4 Nc3 
21. Bxc3 Bxc3 22. Bxe6+ Qxe6 23. Rab1 Bb4 24. Nb5 Qc4 25. Na7 Rc7 26. g3 Rd7 
27. Ra1 g5 28. Rdc1 Qa6 29. Qd1 Qe6 30. Rab1 Kh8 31. Qb3 Qb6 32. Nc8 Qf6 
33. Qd3 f4 34. Rb2 fxe3 35. fxe3 b5 36. Rf1 Qe6 37. Rxf8+ Bxf8 38. Rxb5 Rc7 
39. Rxa5 Rxc8 40. Ra7 Bg7 41. d5 Qf6 42. d6 g4 43. Rc7 Rf8 44. Rc2 Qf3 
45. d7 Bh6 46. Qc3+ Kg8 47. Qc4+ Kg7 0-1

[Event "Sunday 14 January Rapid Engine Tour 12+1 Rounds 9 Starts 1600 ST"]
[Site "Infinity Chess"]
[Date "2018.1.14"]
[Round "4"]
[White "Vimtiroba"]
[Black "hafaba"]
[Result "1/2-1/2"]
[ECO "A41"]
[WhiteElo "2474"]
[BlackElo "2405"]
[WhiteEngine "Corchess 2.0_CTG"]
[BlackEngine "Stockfish SL 07012018 POPCNT_CTG"]
[EventType "Swiss"]
[WhiteTeam ""]
[BlackTeam ""]
[PlyCount "106"]
[TimeControl "720+1"]

1. d4 d6 2. e4 Nf6 3. Nc3 Nbd7 4. f4 e5 5. Nf3 exd4 6. Qxd4 c6 7. Be3 d5 
8. exd5 Bc5 9. Qd3 Qe7 10. Kd2 Bb4 11. Bd4 O-O 12. Re1 Qd6 13. dxc6 bxc6 
14. g3 Nc5 15. Bxc5 Bxc3+ 16. Kd1 Qxc5 17. Qxc3 Qd5+ 18. Kc1 Qxa2 19. Ne5 Bf5 
20. Qa3 Qxa3 21. bxa3 Rac8 22. Bg2 Rc7 23. Re2 c5 24. Rd1 g6 25. Rd6 Kg7 
26. Bf3 h5 27. Rc6 Rcc8 28. Kb2 Be6 29. Rd2 Ng4 30. Kc3 Rcd8 31. Re2 Rd4 
32. Ra6 Nxe5 33. Rxe5 Rc4+ 34. Kb2 Bf5 35. Re2 Rb8+ 36. Kc1 Rc3 37. Be4 Bxe4 
38. Rxe4 Rb7 39. f5 gxf5 40. Rh4 c4 41. Rxh5 Rf3 42. Rg5+ Kf8 43. Ra5 f4 
44. Rgf5 c3 45. Rxf4 Re3 46. Rf1 Rb2 47. Rxa7 Re2 48. Raxf7+ Kg8 49. h3 Rexc2+ 
50. Kd1 Rd2+ 51. Kc1 Rdc2+ 52. Kd1 Rd2+ 53. Kc1 Rdc2+ 1/2-1/2

[Event "Sunday 14 January Rapid Engine Tour 12+1 Rounds 9 Starts 1600 ST"]
[Site "Infinity Chess"]
[Date "2018.1.14"]
[Round "4"]
[White "KRAKEN"]
[Black "Satria_Ungu"]
[Result "1/2-1/2"]
[ECO "A40"]
[WhiteElo "2486"]
[BlackElo "2431"]
[WhiteEngine "Raubfisch ME262_GTZ16b2_CTG"]
[BlackEngine "Houdini 6"]
[EventType "Swiss"]
[WhiteTeam ""]
[BlackTeam ""]
[PlyCount "96"]
[TimeControl "720+1"]

1. d4 c6 2. e4 d5 3. e5 c5 4. c3 Nc6 5. Nf3 cxd4 6. cxd4 Bg4 7. Nbd2 e6 
8. h3 Bxf3 9. Nxf3 Bb4+ 10. Bd2 Qa5 11. a3 Bxd2+ 12. Qxd2 Qxd2+ 13. Kxd2 Nge7 
14. Bd3 O-O 15. Rae1 Na5 16. Kc2 Rfc8+ 17. Kb1 h6 18. h4 Rc6 19. Rc1 a6 
20. h5 Rf8 21. Nd2 Rxc1+ 22. Rxc1 Nac6 23. b4 f6 24. exf6 Rxf6 25. f3 e5 
26. dxe5 Nxe5 27. Bf1 b5 28. Re1 N7c6 29. Nb3 Nc4 30. Ka2 N6e5 31. Be2 g5 
32. Bxc4 Nxc4 33. Re7 g4 34. Ra7 gxf3 35. gxf3 Rxf3 36. Rxa6 Rf4 37. Rxh6 d4 
38. Rg6+ Kh7 39. Rg2 Kh6 40. Rg6+ Kxh5 41. Rg3 Rh4 42. Rd3 Rh2+ 43. Ka1 Nxa3 
44. Nxd4 Nc2+ 45. Nxc2 Rxc2 46. Rd5+ Kg6 47. Rxb5 Kf6 48. Rh5 Ke6 1/2-1/2

[Event "Sunday 14 January Rapid Engine Tour 12+1 Rounds 9 Starts 1600 ST"]
[Site "Infinity Chess"]
[Date "2018.1.14"]
[Round "3"]
[White "ivrdurant"]
[Black "Dovahkiin"]
[Result "1/2-1/2"]
[ECO "B03"]
[WhiteElo "2411"]
[BlackElo "2397"]
[WhiteEngine "Raubfisch X37b1._CTG"]
[BlackEngine "BrainFish_180106_x64_modern_CTG"]
[EventType "Swiss"]
[WhiteTeam ""]
[BlackTeam ""]
[PlyCount "91"]
[TimeControl "720+1"]

1. e4 Nf6 2. e5 Nd5 3. d4 d6 4. c4 Nb6 5. f4 dxe5 6. fxe5 Nc6 7. Be3 Bf5 
8. Nc3 e6 9. Nf3 Be7 10. Be2 O-O 11. O-O f6 12. exf6 Bxf6 13. Qd2 Qe8 
14. Bg5 Rd8 15. Bxf6 Rxf6 16. Qe3 Bg4 17. b3 Bxf3 18. Bxf3 Nxd4 19. Bxb7 c6 
20. Rxf6 gxf6 21. c5 Qe7 22. cxb6 Qxb7 23. bxa7 Qxa7 24. Ne4 Qg7 25. Rf1 f5 
26. Ng3 h6 27. b4 Qg5 28. Qd3 Kf7 29. a4 h5 30. a5 h4 31. Ne4 Qg4 32. Nc3 Ke7 
33. a6 Nb5 34. Qe3 Rg8 35. Qc5+ Kf7 36. Rf2 h3 37. g3 Nxc3 38. Qxc3 Qd1+ 
39. Rf1 Qe2 40. Qxc6 Qe3+ 41. Rf2 Rc8 42. Qxc8 Qe1+ 43. Rf1 Qe3+ 44. Rf2 Qe1+ 
45. Rf1 Qe3+ 46. Rf2 1/2-1/2